 Dungeon Crawl Stone Soup version 0.29.0-11-gd7f09526c8 (webtiles) character file.

Game seed: 376931614640996471

144 Esekla the Grasshopper (level 5, -1/26 (29) HPs)
             Began as a Deep Elf Warper on Sept 5, 2022.
             Slain by a necrophage (4 damage)
             ... in the Ecumenical Temple.
             The game lasted 00:17:21 (4319 turns).

Esekla the Grasshopper (Deep Elf Warper)            Turns: 4319, Time: 00:17:22

HP:   -1/26 (29)    AC:  3    Str: 14    XL:     5   Next: 5%
MP:   11/11         EV: 12    Int: 20    God:
Gold: 129           SH:  0    Dex: 14    Spells: 7/11 levels left

rFire   . . .      SeeInvis .   a - +0 falchion
rCold   . . .      Faith    .   (no shield)
rNeg    . . .      Spirit   .   b - +0 leather armour
rPois   .          Reflect  .   (helmet restricted)
rElec   .          Harm     .   (no cloak)
rCorr   .          Rampage  .   (no gloves)
Will    .....                   (no boots)
Stlth   ++........              (no amulet)
HPRegen 0.08/turn               q - +6 ring of strength
MPRegen 0.12/turn               (no ring)

@: heavily drained
A: antennae 1, low MP 1
a: no special abilities


You were in the Ecumenical Temple.
You visited 2 branches of the dungeon, and saw 7 of its levels.

You collected 129 gold pieces.

Inventory:

Hand Weapons
 a - a +0 falchion (weapon)
 s - a +0 dagger
Missiles
 d - 4 boomerangs of dispersal (quivered)
Armour
 b - a +0 leather armour (worn)
Jewellery
 q - a +6 ring of strength (left hand)
Scrolls
 c - a scroll of blinking
 g - a scroll of fog {unknown}
 h - a scroll of identify {unknown}
 l - a scroll of poison {unknown}
 n - a scroll of noise {unknown}
 o - a scroll of magic mapping {unknown}
 p - a scroll of teleportation {unknown}
Potions
 m - a potion of attraction


   Skills:
 - Level 1.5 Fighting
 + Level 0.1(1.7) Short Blades
 + Level 2.6(2.7) Long Blades
 + Level 1.0 Throwing
 + Level 1.4 Armour
 * Level 3.3 Dodging
 * Level 2.6 Stealth
 * Level 3.7 Spellcasting
 + Level 3.8 Translocations
 * Level 0.4 Transmutations


You had 7 spell levels left.
You knew the following spells:

 Your Spells              Type           Power      Damage    Failure   Level
b - Blink                 Tloc           38%        N/A       4%          2
w - Wereblood             Tmut           5%         N/A       21%         2

Your spell library contained the following spells:

 Spells                   Type           Power      Damage    Failure   Level
 Gell's Gravitas          Tloc           19%        N/A       10%         3
 Lesser Beckoning         Tloc           19%        N/A       10%         3
 Teleport Other           Tloc           19%        N/A       10%         3
 Sublimation of Blood     Necr           3%         N/A       24%         2
 Manifold Assault         Tloc           19%        N/A       67%         5
 Summon Hydra             Summ           1%         N/A       100%        7


Dungeon Overview and Level Annotations

Branches:
Dungeon (6/15)             Temple (1/1) D:6

Altars:
Dithmenos
Hepliaklqana
Nemelex Xobeh
Okawaru
Qazlal
Ru
Sif Muna
Trog
Uskayaw
Xom
Yredelemnul
Zin
The Shining One

Annotations:
D:3 Ijyb, Robin


Innate Abilities, Weirdness & Mutations

You have a pair of small antennae on your head.
Your magical capacity is low. (-10% MP)


Message History

The necrophage hits you. The necrophage closely misses you.
You closely miss the necrophage.
The necrophage is moderately damaged.
The necrophage hits you.
You feel drained.
You closely miss the necrophage.
The necrophage is moderately damaged.
The necrophage barely misses you.
You closely miss the necrophage.
The necrophage is moderately damaged.
The necrophage hits you.
You feel drained.
You barely miss the necrophage.
The necrophage is moderately damaged.
The necrophage barely misses you.
You hit the necrophage.
The necrophage is moderately damaged.
The necrophage barely misses you. The necrophage closely misses you.
You completely miss the necrophage.
The necrophage is moderately damaged.
The necrophage barely misses you.
You barely miss the necrophage.
The necrophage is moderately damaged.
The necrophage barely misses you.
You barely miss the necrophage.
The necrophage is moderately damaged.
The necrophage closely misses you.
You hit the necrophage.
The necrophage is heavily damaged.
The necrophage hits you.
* * * LOW HITPOINT WARNING * * *
You closely miss the necrophage.
The necrophage is heavily damaged.
The necrophage hits you.
* * * LOW HITPOINT WARNING * * *
Okay, then.
Really quaff the potion of mutation?
You feel extremely strange.
You feel agile.
You feel robust.
Your vision seems duller.
You feel less energetic. The necrophage hits you.
You die...

♣♣ ♣♣..♣♣ ♣♣..♣♣ ♣♣♣
_♣♣ ♣♣..♣♣♣♣♣..♣♣ ♣♣_♣
..♣♣ ♣♣...8...♣♣ ♣♣..♣
♣..♣♣♣♣........♣♣♣..♣♣
♣♣..♣♣...###....♣..♣♣
♣♣....###.###....♣♣
♣♣...#_..._#...♣♣
♣..##.....##..♣
♣8.'...8...#.@♣
♣..##.....##n.♣
♣♣...#_..._#...♣♣
♣♣....###.###....♣♣
♣♣..♣....###...♣♣..♣♣
♣..♣♣♣........♣♣♣♣..♣♣
..♣♣ ♣♣...8...♣♣ ♣♣..♣
_♣♣ ♣♣..♣♣♣♣♣..♣♣ ♣♣_♣
♣♣ ♣♣..♣♣ ♣♣..♣♣ ♣♣♣


You could see a necrophage.

Vanquished Creatures
  2 hounds (Temple)
  3 adders
  A dart slug (D:1)
  An orc (D:2)
  3 bats (D:1)
  9 endoplasms
  A giant cockroach (D:1)
  5 hobgoblins
  2 jackals (D:1)
  6 kobolds
  2 quokkas (D:1)
  2 ball pythons (D:1)
  3 frilled lizards
  6 goblins
  7 rats (D:1)
  A spectral goblin (D:1)
54 creatures vanquished.

Notes
Turn   | Place    | Note
-------+----------+-------------------------------------------
     0 | D:1      | Esekla the Deep Elf Warper began the quest for the Orb.
     0 | D:1      | Reached XP level 1. HP: 12/12 MP: 6/6
   182 | D:1      | Reached skill level 1 in Stealth
   261 | D:1      | Reached skill level 1 in Armour
   396 | D:1      | Reached XP level 2. HP: 6/16 MP: 8/8
   683 | D:1      | Found a faded altar of an unknown god.
  1899 | D:1      | Reached XP level 3. HP: 16/20 MP: 9/9
  3193 | D:2      | Reached XP level 4. HP: 25/25 MP: 11/11
  3272 | D:2      | Learned a level 2 spell: Wereblood
  3275 | D:2      | Learned a level 2 spell: Blink
  3569 | D:3      | Noticed Robin
  3804 | D:3      | Noticed Ijyb
  3838 | D:4      | Noticed a scorpion
  3862 | D:4      | Found a shimmering altar of Xom.
  3868 | D:5      | Entered Level 5 of the Dungeon
  3878 | D:5      | Noticed a scorpion
  3890 | D:6      | Found a staircase to the Ecumenical Temple.
  3891 | D:6      | Noticed a necrophage
  3904 | D:6      | Noticed an ice beast
  3907 | D:6      | Noticed an ogre
  3908 | Temple   | Entered the Ecumenical Temple
  3921 | Temple   | HP: 1/25 [hound (2)]
  3925 | Temple   | Gained mutation: You are frail. (-10% HP) [potion of
                  | mutation]
  3925 | Temple   | Gained mutation: You are clumsy. (Dex -2) [potion of
                  | mutation]
  3925 | Temple   | Gained mutation: You have supernaturally acute eyesight.
                  | (SInv) [potion of mutation]
  3925 | Temple   | Gained mutation: You have a pair of small antennae on your
                  | head. [potion of mutation]
  3945 | Temple   | Reached XP level 5. HP: 8/26 MP: 10/12
  4319 | Temple   | Lost mutation: You are clumsy. (Dex -2) [potion of
                  | mutation]
  4319 | Temple   | Lost mutation: You are frail. (-10% HP) [potion of
                  | mutation]
  4319 | Temple   | Lost mutation: You have supernaturally acute eyesight.
                  | (SInv) [potion of mutation]
  4319 | Temple   | Gained mutation: Your magical capacity is low. (-10% MP)
                  | [potion of mutation]
  4319 | Temple   | Slain by a necrophage

Illustrated notes

Levels and vault maps discovered:
D:1:      lemuel_arrival_funnel, layout_loops_corners,
          dreamdust_ecumenical_altar_drowned_temple
D:2:      layout_basic, minmay_pentomino_o2
D:3:      layout_basic, uniq_robin, uniq_ijyb
D:4:      layout_layer_cave, makhleb_blood_cavern_becter,
          nicolae_gozag_cash_rules_everything_around_me, xom_butterflies,
          guppyfry_early_orc_mine, uniq_blork_the_orc
D:5:      layout_cave_pools
D:6:      layout_loops_ring, minmay_temple_entry_slanted,
          cheibrodos_sewer_entry_bend, serial_shops, nicolae_shop_hallway_plus,
          minmay_ruffians, uniq_grinder
Temple:   hellmonk_temple_forest_ring

Skill      XL: |  1  2  3 |
---------------+----------+-----
Stealth        | 1 2 |  2.6
Long Blades    | 2 |  2.6
Armour         | 1 |  1.4
Dodging        | 3 |  3.3
Fighting       | |  1.5
Short Blades   | |  0.1
Throwing       | |  1.0
Spellcasting   | |  3.7
Translocations | |  3.8
Transmutations | |  0.4

Action                   |  1- 3 |  4- 6 || total
-------------------------+-------+-------++-------
Melee: Falchion          |   128 |    67 ||   195
       Dagger            |    12 |     8 ||    20
       Punch             |     1 |       ||     1
Throw: Boomerang         |       |     3 ||     3
 Cast: Blink             |       |     4 ||     4
       Wereblood         |       |     1 ||     1
  Use: Potion            |       |     8 ||     8
 Stab: Sleeping          |     9 |     1 ||    10
Armor: Leather armour    |    35 |    22 ||    57
Dodge: Dodged            |    75 |    58 ||   133
